 Dungeon Crawl Stone Soup version 0.28-a0-674-gdaf460b524 (webtiles) character file.

Game seed: 6108339630356267084

130 ragingrage the Poker (level 4, 0/35 HPs)
             Began as a Demonspawn Chaos Knight on Oct 17, 2021.
             Was a Plaything of Xom.
             Slain by Grinder (2 damage)
             ... on level 3 of the Dungeon.
             The game lasted 00:01:51 (2112 turns).

ragingrage the Poker (Demonspawn Chaos Knight)      Turns: 2112, Time: 00:01:51

Health: 0/35       AC:  5    Str: 13    XL:     4   Next: 89%
Magic:  4/4        EV: 11    Int: 13    God:    Xom [.*....]
Gold:   106        SH:  0    Dex: 19    Spells: 3/3 levels left

rFire   . . .      SeeInvis .   a - +0 spear (chaos)
rCold   . . .      Faith    .   (no shield)
rNeg    . . .      Spirit   .   b - +2 leather armour
rPois   .          Reflect  .   (no helmet)
rElec   .          Harm     .   (no cloak)
rCorr   .          Rampage  .   (no gloves)
Will    .....                   (no boots)
Stlth   +.........              (no amulet)
HPRegen 0.11/turn               g - +6 ring of dexterity
MPRegen 0.09/turn               (no ring)

@: no status effects
A: hooves 2, demonic magic 1
a: Renounce Religion


You were on level 3 of the Dungeon.
You worshipped Xom.
You were a plaything of Xom.
You visited 1 branch of the dungeon, and saw 3 of its levels.

You collected 106 gold pieces.

Inventory:

Hand Weapons
 a - a +0 spear of chaos (weapon)
Missiles
 i - 9 poisoned darts (quivered)
Armour
 b - a +2 leather armour (worn)
Jewellery
 g - a +6 ring of dexterity (left hand)
Scrolls
 d - 3 scrolls of identify {unknown}
 f - a scroll of magic mapping {unknown}
 h - a scroll of vulnerability {unknown}
Potions
 c - a potion of magic {unknown}
 e - 2 potions of cancellation {unknown}
 j - a potion of degeneration {unknown}


   Skills:
 - Level 3.0 Fighting
 * Level 5.1 Polearms
 - Level 1.7 Armour
 - Level 0.8 Dodging


You had 3 spell levels left.
You didn't know any spells.
Your spell library contained the following spells:

 Spells                   Type           Power      Damage    Failure   Level
 Blade Hands              Tmut           0%         N/A       100%        5
 Irradiate                Conj/Tmut      0%         3d14      100%        5
 Dragon Form              Tmut           0%         N/A       100%        7
 Borgnjor's Revivificati  Necr           0%         N/A       100%        8
 Necromutation            Tmut/Necr      0%         N/A       100%        8
 Death's Door             Necr           0%         N/A       100%        9


Dungeon Overview and Level Annotations

Branches:
Dungeon (3/15)

Altars:

Annotations:
D:3 Grinder


Innate Abilities, Weirdness & Mutations

You have hoof-like feet.
Spells you cast may paralyse adjacent enemies.


Message History

You hit Grinder but do no damage.
Grinder easily resists.
Grinder is heavily wounded.
Grinder misses you.
Your ufetubus hits Grinder but does no damage. x2
Unknown command.
You hit Grinder but do no damage. Your kick misses Grinder.
Grinder is heavily wounded.
Grinder gestures at you. Pain shoots through your body!
Your ufetubus barely misses Grinder.
Your ufetubus closely misses Grinder.
Unknown command.
You are too injured to fight recklessly!
Unknown command.
You are too injured to fight recklessly!
Unknown command.
You are too injured to fight recklessly!
Unknown command.
Unknown command.
You are too injured to fight recklessly!
You completely miss Grinder. You kick Grinder, but do no damage.
Grinder is heavily wounded.
Your ufetubus closely misses Grinder.
Your ufetubus misses Grinder. Grinder hits you but does no damage.
You closely miss Grinder. Your kick misses Grinder.
Grinder is heavily wounded.
Your ufetubus misses Grinder.
Your ufetubus closely misses Grinder.
Grinder closely misses you.
Your ufetubus closely misses Grinder. x2
You closely miss Grinder. You kick Grinder.
Grinder is heavily wounded.
Your ufetubus hits Grinder but does no damage.
Your ufetubus closely misses Grinder.
Grinder hits you!
* * * LOW HITPOINT WARNING * * *
You writhe in agony.
* * * LOW HITPOINT WARNING * * *
You hit Grinder but do no damage. You kick Grinder.
Grinder is heavily wounded.
Your ufetubus hits Grinder.
Your ufetubus closely misses Grinder.
Grinder hits you.
You die...
Xom cackles wildly!

#.# #.)#.####
###### #.# #..#.#
#.####..#.#
#......>..##
######.....########
#.#..........#
#.#.#.######.#
#.#.#.# #.@.5.#
###5..# #...#
##.>.## ###.....#
#......#.#
#.#..#..## ####
###.##.#.## #..
#........# #.#


You could see Grinder (ally target) and a friendly ufetubus (summoned).

Vanquished Creatures
  Crazy Yiuf (D:2)
  An iguana (D:3)
  An adder (D:1)
  5 ball pythons
  4 endoplasms
  2 giant cockroaches (D:1)
  9 goblins
  9 hobgoblins
  6 jackals
  6 kobolds
  4 quokkas
  4 bats
  5 frilled lizards
  2 rats
59 creatures vanquished.

Vanquished Creatures (others)
  A fungus (D:2)
1 creature vanquished.

Grand Total: 60 creatures vanquished

Notes
Turn   | Place    | Note
-------+----------+-------------------------------------------
     0 | D:1      | ragingrage the Demonspawn Chaos Knight began the quest for
                  | the Orb.
     0 | D:1      | Reached XP level 1. HP: 18/18 MP: 1/1
    24 | D:1      | XOM: silly message
   245 | D:1      | Reached skill level 3 in Polearms
   249 | D:1      | XOM: potion effect (heal wounds)
   253 | D:1      | XOM: potion effect (brilliance)
   256 | D:1      | XOM: confuse monster(s)
   270 | D:1      | Gained mutation: Spells you cast may paralyse adjacent
                  | enemies. [demonic ancestry]
   270 | D:1      | Reached XP level 2. HP: 24/24 MP: 2/2
   419 | D:1      | XOM: enchant monster (bad)
   810 | D:1      | Discovered your monstrous ancestry.
   810 | D:1      | Gained mutation: You have large cloven feet. [demonic
                  | ancestry]
   810 | D:1      | Reached XP level 3. HP: 29/29 MP: 3/3
   987 | D:2      | XOM: noise
  1001 | D:2      | Reached skill level 4 in Polearms
  1090 | D:1      | XOM: divination: detect creatures
  1368 | D:2      | XOM: stat loss: -1 Str (12/13)
  1723 | D:2      | Found a runed translucent door.
  1724 | D:2      | Noticed Crazy Yiuf
  1731 | D:2      | Killed Crazy Yiuf
  1732 | D:2      | Gained mutation: You have hoof-like feet. [demonic
                  | ancestry]
  1732 | D:2      | Reached XP level 4. HP: 35/35 MP: 4/4
  1836 | D:3      | XOM: stealth player
  1916 | D:3      | XOM: 4-stop teleportation journey
  1918 | D:3      | Noticed Grinder
  1921 | D:3      | Reached skill level 5 in Polearms
  2081 | D:3      | XOM: 6-stop teleportation journey
  2101 | D:3      | XOM: summons friendly ufetubus
  2103 | D:3      | Paralysed by Grinder for 2 turns
  2112 | D:3      | Slain by Grinder

Illustrated notes

Levels and vault maps discovered:
D:1:      lemuel_arrival_lava_pool, layout_basic
D:2:      layout_basic, minmay_crystal_water, uniq_crazy_yiuf_cottage
D:3:      minmay_spotlight, layout_loops_ring, minmay_starry_boxes, uniq_grinder

Skill      XL: |  1  2  3  4 |
---------------+-------------+-----
Polearms       | 3 4 5 |  5.1
Fighting       | |  3.0
Armour         | |  1.7
Dodging        | |  0.8

Action                   |  1- 3 |  4- 6 || total
-------------------------+-------+-------++-------
Melee: Spear             |   145 |    32 ||   177
       Kick              |    12 |     8 ||    20
 Stab: Confused          |     3 |       ||     3
       Petrified         |     3 |       ||     3
       Sleeping          |     2 |     2 ||     4
Armor: Leather armour    |    43 |     3 ||    46
Dodge: Dodged            |    65 |     9 ||    74

Table legend: (Time is in decaauts)
 A = Elapsed time spent in this place.
 B = Non-inter-level travel time spent in this place.
 C = Inter-level travel time spent in this place.
 D = Time resting spent in this place.
 E = Time spent auto-exploring this place.
 F = Levels seen in this place.
 G = Mean time per level.
                   A        B        C        D        E       F      G
               +--------+--------+--------+--------+--------+-----+--------+
         Total |   2095 |   2035 |     60 |    344 |   1304 |   3 |  698.3 |
       Dungeon |   2095 |   2035 |     60 |    344 |   1304 |   3 |  698.3 |
               +--------+--------+--------+--------+--------+-----+--------+

Top non-repeatable levels by time:
     D:1: 1216 daAuts
     D:2: 608 daAuts
     D:3: 271 daAuts
